 Dungeon Crawl Stone Soup version 0.20.0-4-g10b340a (webtiles) character file.

185 kuniqs the Shield-Bearer (level 5, -2/47 HPs)
             Began as a Minotaur Fighter on May 27, 2017.
             Slain by ReniFell's ghost (4 damage)
             ... on level 4 of the Dungeon.
             The game lasted 00:04:17 (1629 turns).

kuniqs the Shield-Bearer (Minotaur Fighter)         Turns: 1629, Time: 00:04:18

Health: -2/47      AC:  7    Str: 22    XL:     5   Next: 37%
Magic:  4/4        EV:  8    Int:  5    God:
Gold:   108        SH:  9    Dex:  9    Spells: 4/4 levels left

rFire    . . .     SeeInvis .   a - +0 long sword
rCold    . . .     Gourm    .   c - +0 shield
rNeg     . . .     Faith    .   b - +0 scale mail
rPois    .         Spirit   .   (helmet restricted)
rElec    .         Reflect  .   (no cloak)
rCorr    .         Harm     .   (no gloves)
MR       .....                  (no boots)
Stlth    ..........             (no amulet)
Regen    0.2/turn               (no ring)
MPRegen  0.1/turn               (no ring)

@: no status effects
A: retaliatory headbutt, horns 2
a: no special abilities


You were on level 4 of the Dungeon.
You were not hungry.

You visited 1 branch of the dungeon, and saw 4 of its levels.

You collected 108 gold pieces.

Inventory:

Hand Weapons
 a - a +0 long sword (weapon)
Armour
 b - a +0 scale mail (worn)
 c - a +0 shield (worn)
 q - a +0 pair of boots
Scrolls
 e - a scroll of identify {unknown}
 h - a scroll of teleportation {unknown}
 i - 2 scrolls of recharging {unknown}
 k - a scroll of noise {unknown}
 l - 3 scrolls of remove curse {unknown}
 p - a scroll of fog {unknown}
 r - a scroll of enchant armour {unknown}
 s - a scroll of enchant weapon {unknown}
 v - a scroll of fear {unknown}
Potions
 j - a potion of degeneration {unknown}
 n - a potion of heal wounds {unknown}
 o - a potion of flight {unknown}
 t - 2 potions of mutation {unknown}
 u - a potion of might
Comestibles
 d - 3 bread rations
 f - 4 fruits
 g - 4 chunks of flesh
 m - a royal jelly


   Skills:
 + Level 4.5 Fighting
 + Level 3.5 Long Blades
 + Level 4.6 Armour
 + Level 2.2 Dodging
 + Level 4.8 Shields


You had 4 spell levels left.
You didn't know any spells.

Dungeon Overview and Level Annotations

Branches:
Dungeon (4/15)
 Temple: D:4-7

Altars:
Kikubaaqudgha
Nemelex Xobeh

Annotations:
D:3 JorJi's ghost, amateur KoAM; Terence
D:4 ReniFell's ghost, amateur DECj


Innate Abilities, Weirdness & Mutations

You reflexively headbutt those who attack you in melee.
You have a pair of horns on your head.


Message History

The bullfrog hits you but does no damage.
You barely miss the bullfrog.
The bullfrog is heavily wounded.
You block the bullfrog's attack. The bullfrog closely misses you.
You hit the bullfrog.
The bullfrog is severely wounded.
You block the bullfrog's attack.
You slash the bullfrog!
You kill the bullfrog!
You have reached level 5!
ReniFell's ghost hits you.
You closely miss ReniFell's ghost. You headbutt ReniFell's ghost!
ReniFell's ghost is moderately damaged.
ReniFell's ghost hits you but does no damage.
You are electrocuted!
* * * LOW HITPOINT WARNING * * *
You miss ReniFell's ghost.
ReniFell's ghost is moderately damaged.
ReniFell's ghost hits you.
You die...

........... ..........#
........ ### ......# ..#
#W... #..## #...# ....#
#####...##....## ###
#.......#......#.## ##..
#.#####.#@..#..#.... ##...
........W............#....
........................⌠.
........#....).........≈≈≈
....#...#..............≈≈≈
#+#...###..............≈≈≈
##.. #..........#...≈≈≈
#.. ####.......##..... ###
#..(....###....


You could see ReniFell's ghost.

Vanquished Creatures
  A bullfrog (D:4)
  A worker ant (D:4)
  3 adders (D:2)
  4 oozes
  A worm (D:2)
  A dart slug (D:1)
  4 orcs
  3 giant cockroaches (D:1)
  4 goblins
  8 hobgoblins
  4 jackals (D:3)
  A quokka (D:2)
  A ball python (D:2)
  3 bats
  4 frilled lizards
  A jackal skeleton (D:4)
  3 kobolds (D:2)
  5 rats
52 creatures vanquished.

Notes
Turn   | Place    | Note
-------+----------+-------------------------------------------
     0 | D:1      | kuniqs the Minotaur Fighter began the quest for the Orb.
     0 | D:1      | Reached XP level 1. HP: 19/19 MP: 0/0
   109 | D:1      | Reached XP level 2. HP: 27/27 MP: 1/1
   507 | D:1      | Reached skill level 1 in Dodging
   532 | D:1      | You fall through a shaft!
   844 | D:2      | Reached XP level 3. HP: 27/33 MP: 2/2
  1106 | D:2      | Reached XP level 4. HP: 40/40 MP: 3/3
  1126 | D:2      | Found a sparkling altar of Nemelex Xobeh.
  1473 | D:3      | Found an ancient bone altar of Kikubaaqudgha.
  1500 | D:3      | Noticed Terence
  1510 | D:3      | Noticed JorJi's ghost (amateur KoAM)
  1615 | D:4      | Noticed a bullfrog
  1617 | D:4      | Noticed ReniFell's ghost (amateur DECj)
  1627 | D:4      | Killed a bullfrog
  1627 | D:4      | Reached XP level 5. HP: 19/47 MP: 4/4
  1628 | D:4      | HP: 2/47 [ReniFell's ghost (13)]
  1629 | D:4      | Slain by ReniFell's ghost

Skill      XL: |  1  2  3  4 |
---------------+-------------+-----
Shields        | 4 |  4.8
Dodging        | 1 2 |  2.2
Fighting       | 4 |  4.5
Armour         | 4 |  4.6
Long Blades    | 3 |  3.5

Action                   |  1- 3 |  4- 6 || total
-------------------------+-------+-------++-------
Melee: Long sword        |    83 |    55 ||   138
       Headbutt          |    18 |    11 ||    29
  Eat: Chunk             |     1 |     2 ||     3
Armor: Scale mail        |    44 |    20 ||    64
Dodge: Dodged            |    28 |    21 ||    49
Block: Shield            |    45 |    37 ||    82
       Rpst.: Long sword |     6 |     6 ||    12
